 Dungeon Crawl Stone Soup version 0.19.3-4-gbf9329e (webtiles) character file.

19913 Dolanko the Severer (level 12, -2/101 HPs)
             Began as a Minotaur Fighter on Jan 26, 2017.
             Was a Priest of Hepliaklqana.
             Shot with an arrow by a centaur warrior (7 damage)
             ... on level 11 of the Dungeon.
             The game lasted 00:28:33 (13407 turns).

Dolanko the Severer (Minotaur Fighter)             Turns: 13407, Time: 00:28:34

Health: -2/101     AC: 17    Str: 25    XL:     12   Next: 40%
Magic:  11/11      EV:  5    Int:  5    God:    Hepliaklqana [***...]
Gold:   1587       SH: 10    Dex: 11    Spells: 0 memorised, 11 levels left

rFire  x . .     SeeInvis .     a - +2 war axe
rCold  + . .     Gourm    .     x - +0 plate armour
rNeg   + . .     Faith    .     c - +0 shield
rPois  .         Spirit   .     (helmet restricted)
rElec  .         Reflect  .     (no cloak)
rCorr  .         Harm     .     u - +0 pair of gloves
MR     .....                    (no boots)
Stlth  ..........               w - amulet of rage
                                B - ring of ice
                                d - ring of positive energy

@: no status effects
A: retaliatory headbutt, reduced essence, horns 2
a: Recall Ancestor, Ancestor Identity, Transference, Renounce Religion, Evoke
Berserk Rage


You were on level 11 of the Dungeon.
You worshipped Hepliaklqana.
Hepliaklqana was most pleased with you.
You were hungry.

You visited 2 branches of the dungeon, and saw 12 of its levels.
You also visited: Bailey.

You collected 1587 gold pieces.

Inventory:

Hand Weapons
 a - a +2 war axe (weapon)
 n - a +3 scimitar of flaming
Missiles
 g - 14 tomahawks of returning (quivered)
Armour
 c - a +0 shield (worn)
 u - a +0 pair of gloves (worn)
 x - a +0 plate armour (worn)
Jewellery
 d - a ring of positive energy (left hand)
 e - the amulet of Ruhemej {Regen+ Dex+3, unknown}
   (You found it on level 11 of the Dungeon)

   [amulet of regeneration]

   It affects your dexterity (+3).
   It increases your rate of regeneration.
 w - an amulet of rage (around neck)
 B - a ring of ice (right hand)
Wands
 b - a wand of random effects (28/48)
 j - a wand of confusion (18/48)
 k - a wand of disintegration (6/24)
 q - a wand of hasting (0/9)
 t - a wand of lightning (0/15)
 y - a wand of enslavement (12/24)
 E - a wand of iceblast (5/15)
 K - a wand of paralysis (18/24)
Scrolls
 h - a scroll of teleportation
 l - 4 scrolls of identify
 m - a scroll of enchant armour {unknown}
 p - a scroll of holy word
 v - 3 scrolls of fog
 z - 2 scrolls of enchant weapon
 F - a scroll of magic mapping
 J - a scroll of remove curse
Potions
 i - 2 potions of lignification
 s - 5 potions of curing
 D - 2 potions of brilliance
 G - 2 potions of resistance
Comestibles
 f - 9 bread rations
 o - 9 beef jerkies
 A - 2 slices of pizza
 H - 4 meat rations
 I - a royal jelly


   Skills:
 + Level 12.5 Fighting
 * Level 16.4 Axes
 + Level 12.9 Armour
 - Level 3.6 Shields


You had 11 spell levels left.
You didn't know any spells.

Dungeon Overview and Level Annotations

Branches:
Dungeon (11/15)            Temple (1/1) D:6            Lair (0/6) D:11
    Orc: D:9-12

Altars:
Ashenzari
Cheibriados
Dithmenos
Elyvilon
Fedhas
Gozag
Hepliaklqana
Kikubaaqudgha
Makhleb
Nemelex Xobeh
Okawaru
Qazlal
Ru
Sif Muna
Trog
Uskayaw
Vehumet
Xom
Yredelemnul
Zin
The Shining One

Annotations:
D:6 1 runed door


Innate Abilities, Weirdness & Mutations

You reflexively headbutt those who attack you in melee.
You have a pair of horns on your head.
Your life essence is reduced. (-10% HP)


Message History

The centaur warrior shoots an arrow.
The arrow hits Quintus!
Quintus barely misses the centaur warrior.
The centaur warrior shoots an arrow.
The arrow hits you!
* * * LOW HITPOINT WARNING * * *
The centaur warrior shoots an arrow.
You block the arrow.
You see here 2 arrows.
Quintus hits the centaur warrior with a flail!
The centaur warrior shoots an arrow.
You block the arrow.
You see here an arrow.
The centaur warrior shoots an arrow.
The arrow hits you!
* * * LOW HITPOINT WARNING * * *
Quintus hits the centaur warrior with a flail!
The centaur warrior shoots an arrow.
The arrow hits you but does no damage.
You see here 2 arrows.
Quintus hits the centaur warrior with a flail.
The centaur warrior shoots an arrow.
The arrow hits you!
* * * LOW HITPOINT WARNING * * *
You see here an arrow.
The centaur warrior shoots an arrow.
The arrow hits you!
You die...

# .....# #######
..$..# #.@...#
.....# #(###.#
.....#####(#
#####.......(((.#
....# #..##...(.#
....###..##........#
..........>.R......#
....###.##..c......#
....# #.....##.#...#


You could see the friendly Quintus the knight and a centaur warrior.

Vanquished Creatures
  A stone giant (D:11)
  Erolcha (D:11)
  An ogre mage (D:11)
  The ghost of fatfloppyjuicyveiny the Spear-Bearer, a journeyman OpBe of Trog (D:10)
  The ghost of Kloppie the Cleaver, a novice FoFi of Ru (Bailey)
  A deep troll (D:11)
  A hill giant (D:10)
  An ugly thing (D:11)
  A manticore (D:11)
  A centaur zombie (D:11)
  The ghost of fatfloppyjuicyveiny the Nimble, a novice KoHu (D:6)
  The ghost of Naow the Infuser, a novice DECj (D:4)
  Psyche (D:9)
  2 centaur skeletons (D:10)
  An efreet (D:11)
  A troll (D:7)
  2 hornets (D:11)
  A two-headed ogre (D:8)
  2 hippogriffs (D:8)
  17 yaks (D:11)
  3 humans (D:9)
  Menkaure (D:4)
  A soldier ant (D:11)
  Edmund (D:4)
  A floating eye (shapeshifter) (D:11)
  5 ice beasts
  6 orc warriors
  4 sky beasts
  A necrophage (D:9)
  3 black bears
  3 ogres
  4 centaurs
  3 big kobolds
  Blork the orc (D:5)
  5 bullfrogs
  A gnoll sergeant (D:6)
  5 scorpions
  7 killer bees
  2 wights (D:9)
  3 howler monkeys
  5 crimson imps
  6 hounds
  A bullfrog zombie (D:11)
  5 orc priests
  2 jellies
  A gnoll shaman (D:10)
  2 iguanas
  Jessica (D:2)
  10 orc wizards
  8 worker ants
  A hound zombie (D:11)
  A hound skeleton (D:10)
  A worker ant zombie (D:10)
  12 gnolls
  11 adders
  6 shadow imps
  2 oozes
  An adder skeleton (D:8)
  An adder zombie (D:6)
  3 worms
  2 dart slugs (D:1)
  6 leopard geckos
  44 orcs
  7 giant cockroaches
  12 goblins
  10 hobgoblins
  8 jackals
  5 quokkas
  3 ball pythons
  5 bats
  4 frilled lizards
  20 kobolds
  A quokka zombie (D:6)
  9 rats
315 creatures vanquished.

Vanquished Creatures (collateral kills)
  The ghost of Kloppie the Cleaver, a novice FoFi of Ashenzari (D:7)
  A hill giant (D:10)
  An ugly thing (D:11)
  A torpor snail (shapeshifter) (D:11)
  A wyvern (D:8)
  A yak (D:11)
  A human (D:9)
  A hungry ghost (D:7)
  A sky beast (D:8)
  A phantom (D:9)
  An ogre (D:10)
  A centaur (D:9)
  A bullfrog (D:10)
  A scorpion (D:7)
  A killer bee (D:8)
  A wight (D:9)
  A crimson imp (D:8)
  A centaur zombie (D:8)
  A bullfrog skeleton (D:8)
  5 orc wizards
  A worker ant (D:10)
  An adder zombie (D:8)
  2 orcs
  3 kobolds
31 creatures vanquished.

Vanquished Creatures (others)
  An ancestor (D:8)
  5 knights (D:11)
6 creatures vanquished.

Grand Total: 352 creatures vanquished

Notes
Turn   | Place    | Note
-------+----------+-------------------------------------------
     0 | D:1      | Dolanko the Minotaur Fighter began the quest for the Orb.
     0 | D:1      | Reached XP level 1. HP: 19/19 MP: 0/0
    80 | D:1      | Reached XP level 2. HP: 27/27 MP: 1/1
   514 | D:1      | Reached skill level 3 in Axes
   674 | D:2      | Reached XP level 3. HP: 33/33 MP: 2/2
   804 | D:2      | Noticed Jessica
   807 | D:2      | Killed Jessica
   810 | D:2      | Reached XP level 4. HP: 31/40 MP: 3/3
  1174 | D:2      | Reached skill level 5 in Armour
  1205 | D:2      | Reached skill level 4 in Axes
  1508 | D:2      | Found a glowing golden altar of the Shining One.
  1912 | D:3      | Reached XP level 5. HP: 34/47 MP: 4/4
  2284 | D:3      | Noticed an ogre
  2290 | D:3      | Killed an ogre
  2290 | D:3      | Reached skill level 5 in Fighting
  2290 | D:3      | Reached skill level 5 in Axes
  2290 | D:3      | Reached XP level 6. HP: 49/56 MP: 5/5
  2428 | D:4      | Found a shattered altar of Ashenzari.
  2428 | D:4      | Noticed Edmund
  2440 | D:4      | Killed Edmund
  2535 | D:4      | Found an opulent altar of Gozag.
  2620 | D:4      | Noticed Naow's ghost (novice DECj)
  2663 | D:4      | Killed Naow's ghost
  2663 | D:4      | Reached skill level 7 in Axes
  2663 | D:4      | Reached XP level 7. HP: 11/62 MP: 6/6
  3024 | D:4      | Noticed Menkaure
  3032 | D:4      | Killed Menkaure
  3199 | D:4      | Found a shattered altar of Ashenzari.
  3234 | D:5      | Entered Level 5 of the Dungeon
  3250 | D:5      | Noticed Blork the orc
  3257 | D:5      | Killed Blork the orc
  3257 | D:5      | Reached XP level 8. HP: 49/71 MP: 7/7
  3408 | D:5      | Reached skill level 8 in Axes
  4030 | D:6      | Noticed fatfloppyjuicyveiny's ghost (novice KoHu)
  4066 | D:6      | Killed fatfloppyjuicyveiny's ghost
  4066 | D:6      | Reached skill level 9 in Axes
  4304 | D:6      | Reached skill level 10 in Axes
  4305 | D:6      | Found a runed door.
  4323 | D:6      | Reached XP level 9. HP: 72/81 MP: 8/8
  4360 | D:6      | Found a runed door.
  5214 | D:6      | Reached skill level 11 in Axes
  5258 | D:6      | Found a staircase to the Ecumenical Temple.
  5265 | Temple   | Entered the Ecumenical Temple
  5412 | Temple   | Became a worshipper of Hepliaklqana the Forgotten
  5553 | D:7      | Noticed a troll
  5565 | D:7      | Killed a troll
  5572 | D:7      | Noticed Kloppie's ghost (novice FoFi)
  5789 | D:7      | Killed Kloppie's ghost
  5912 | D:7      | Reached skill level 12 in Axes
  5912 | D:7      | Reached XP level 10. HP: 81/81 MP: 9/9
  6028 | D:7      | Found an iron altar of Okawaru.
  6320 | D:7      | Reached * piety under Hepliaklqana
  6431 | D:8      | Reached skill level 10 in Armour
  6477 | D:8      | Found a flagged portal.
  6498 | Bailey   | Entered a bailey
  6712 | Bailey   | Noticed Kloppie's ghost (novice FoFi)
  6742 | Bailey   | Killed Kloppie's ghost
  6797 | Bailey   | Found a burning altar of Makhleb.
  7068 | D:8      | Reached skill level 13 in Axes
  7185 | D:8      | Reached skill level 10 in Fighting
  8150 | D:8      | Found a sacrificial altar of Ru.
  8461 | D:9      | Noticed Psyche
  8470 | D:9      | Killed Psyche
  8697 | D:9      | Reached XP level 11. HP: 69/90 MP: 10/10
  8797 | D:9      | Reached ** piety under Hepliaklqana
  8876 | D:9      | Remembered your ancestor Quintus as a knight
  9003 | D:9      | Found a shadowy altar of Dithmenos.
  9100 | D:9      | Reached skill level 14 in Axes
  9269 | D:10     | Entered Level 10 of the Dungeon
  9360 | D:10     | Noticed fatfloppyjuicyveiny's ghost (journeyman OpBe)
  9372 | D:10     | Killed fatfloppyjuicyveiny's ghost
  9722 | D:10     | Noticed a hill giant
  9729 | D:10     | Killed a hill giant
  9748 | D:10     | Noticed a hill giant
  9759 | D:10     | Killed a hill giant
 10119 | D:10     | Reached *** piety under Hepliaklqana
 10462 | D:11     | Reached skill level 15 in Axes
 11182 | D:11     | Noticed a cyan ugly thing
 11194 | D:11     | Killed a cyan ugly thing
 11196 | D:11     | Found a staircase to the Lair.
 11468 | D:11     | Noticed a lindwurm
 11468 | D:11     | a jumping spider changed into a lindwurm
 11471 | D:11     | Noticed a fire crab
 11471 | D:11     | a lindwurm changed into a fire crab
 11500 | D:11     | Noticed a sea snake
 11503 | D:11     | Noticed a death drake
 11503 | D:11     | a sea snake changed into a death drake
 11506 | D:11     | a death drake changed into a torpor snail
 11768 | D:11     | Noticed an ogre mage
 11771 | D:11     | Noticed a deep troll
 11795 | D:11     | Killed a deep troll
 11795 | D:11     | Reached XP level 12. HP: 58/100 MP: 11/11
 11800 | D:11     | Killed an ogre mage
 11844 | D:11     | Got a transparent golden amulet
 12038 | D:11     | Noticed a stone giant
 12085 | D:11     | HP: 1/100 [stone giant (24)]
 12361 | D:11     | Killed a stone giant
 12361 | D:11     | Reached skill level 16 in Axes
 13233 | D:11     | Noticed Erolcha
 13273 | D:11     | Noticed a centaur warrior
 13280 | D:11     | Killed Erolcha
 13406 | D:11     | HP: 5/101 [centaur warrior/arrow (9)]
 13407 | D:11     | Shot with an arrow by a centaur warrior

Skill      XL: |  1  2  3  4  5  6  7  8  9 10 11 12 |
---------------+-------------------------------------+-----
Armour         | 4 5 6 7 8 9 11 12 | 12.9
Fighting       | 4 5 6 7 9 10 12 | 12.5
Axes           | 3 4 5 7 10 12 13 15 16 | 16.4
Shields        | |  3.6

Action                   |  1- 3 |  4- 6 |  7- 9 | 10-12 || total
-------------------------+-------+-------+-------+-------++-------
Melee: War axe           |    66 |   158 |   326 |   563 ||  1113
       Headbutt          |     7 |    30 |    58 |   105 ||   200
Throw: Tomahawk          |       |       |       |    19 ||    19
Invok: Ancestor Life: Kn |       |       |       |     1 ||     1
       Recall Ancestor   |       |       |       |     1 ||     1
Evoke: Wand              |       |       |       |    21 ||    21
       Phantom mirror    |       |       |       |     1 ||     1
  Use: Potion            |       |     6 |     4 |     9 ||    19
       Scroll            |       |     1 |     1 |    21 ||    23
 Stab: Invisible         |       |       |     2 |       ||     2
       Distracted        |       |       |       |     3 ||     3
       Paralysed         |       |       |       |     3 ||     3
  Eat: Chunk             |       |     6 |    11 |    16 ||    33
       Bread ration      |       |       |       |     2 ||     2
Armor: Scale mail        |    27 |    25 |       |       ||    52
       Chain mail        |       |     9 |       |       ||     9
       Plate armour      |       |    15 |   170 |   286 ||   471
       Skin              |       |    13 |       |       ||    13
Dodge: Dodged            |    19 |    31 |    37 |    90 ||   177
Block: Shield            |    40 |    63 |   136 |   256 ||   495
